 Dungeon Crawl Stone Soup version 0.27.1-33-g824d729ab1 (webtiles) character file.

Game seed: 11107836374279769149

72 pkoi the Insei (level 4, 0/38 HPs)
             Began as a Draconian Monk on Dec 28, 2021.
             Succumbed to an adder's poison
             ... on level 3 of the Dungeon.
             The game lasted 00:01:46 (2283 turns).

pkoi the Insei (Draconian Monk)                     Turns: 2283, Time: 00:01:47

Health: 0/38       AC:  5    Str: 13    XL:     4   Next: 7%
Magic:  4/4        EV: 12    Int: 11    God:
Gold:   125        SH:  0    Dex: 14    Spells: 1/3 levels left

rFire    . . .     SeeInvis .     - Unarmed
rCold    . . .     Faith    .   (no shield)
rNeg     . . .     Spirit   .   (armour unavailable)
rPois    .         Reflect  .   (helmet restricted)
rElec    .         Harm     .   (no cloak)
rCorr    .         Rampage  .   (no gloves)
Will     .....                  (no boots)
Stlth    ++........             (no amulet)
HPRegen  0.12/turn              (no ring)
MPRegen  0.09/turn              (no ring)

@: lethally poisoned (0 -> -5)
A: AC +5, unfitting armour, cold-blooded
a: no special abilities


You were on level 3 of the Dungeon.
You visited 1 branch of the dungeon, and saw 3 of its levels.

You collected 125 gold pieces.

Inventory:

Hand Weapons
 a - a +0 dagger
Missiles
 c - 13 poisoned darts (quivered)
Scrolls
 e - 3 scrolls of immolation {unknown}
 g - 3 scrolls of identify {unknown}
 h - 2 scrolls of enchant weapon {unknown}
 j - a scroll of magic mapping {unknown}
Potions
 b - 2 potions of flight {unknown}
 d - 4 potions of haste {unknown}
 f - a potion of lignification {unknown}
 i - a potion of might {unknown}


   Skills:
 - Level 3.2 Fighting
 - Level 2.6 Dodging
 - Level 1.7 Stealth
 + Level 5.0 Unarmed Combat


You had one spell level left.
You knew the following spells:

 Your Spells              Type           Power      Damage    Failure   Level
a - Blink                 Tloc           N/A        N/A       47%         2

Your spell library contained the following spells:

 Spells                   Type           Power      Damage    Failure   Level
 Corpse Rot               Necr/Air       N/A        N/A       47%         2
 Conjure Flame            Conj/Fire      0%         6-21      71%         3
 Ignite Poison            Fire/Tmut/Pois 0%         N/A       71%         3
 Inner Flame              Hex/Fire       0%         N/A       71%         3
 Lesser Beckoning         Tloc           0%         N/A       71%         3
 Cause Fear               Hex            0%         N/A       98%         4
 Dispel Undead            Necr           0%         3d6       98%         4
 Sticky Flame             Conj/Fire      0%         2d3       98%         4
 Manifold Assault         Tloc           0%         N/A       100%        5
 Death Channel            Necr           0%         N/A       100%        6
 Discord                  Hex            0%         N/A       100%        8


Dungeon Overview and Level Annotations

Branches:
Dungeon (3/15)

Altars:


Innate Abilities, Weirdness & Mutations

Your plain brown scales are hard. (AC +5)
You cannot fit into any form of body armour.
You are cold-blooded and may be slowed by cold attacks.


Message History

The phantom hits you.
You hit the phantom.
The phantom is almost destroyed.
The adder hisses angrily.
You hear an angry hiss.
The phantom hits you.
* * * LOW HITPOINT WARNING * * *
The phantom blinks!
You blink.
An adder comes into view.
You hit the phantom.
The phantom is almost destroyed.
The phantom misses you.
Unknown command.
You hit the phantom but do no damage.
The phantom is almost destroyed.
The adder bites you but does no damage. The phantom hits you.
* * * LOW HITPOINT WARNING * * *
The adder bites you.
* * * LOW HITPOINT WARNING * * *
You are poisoned.
The adder poisons you!
You hit the phantom.
The phantom is almost destroyed.
You feel sick. The adder bites you.
* * * LOW HITPOINT WARNING * * *
You are more poisoned.
The adder poisons you! The adder bites you but does no damage.
The phantom hits you.
* * * LOW HITPOINT WARNING * * *
The phantom blinks!
You blink.
Unknown command.
You barely miss the phantom.
The phantom is almost destroyed.
* * * LOW HITPOINT WARNING * * *
You feel sick. The phantom misses you.
Unknown command.
* * * LOW HITPOINT WARNING * * *
You feel sick. The adder misses you.
* * * LOW HITPOINT WARNING * * *
You feel sick.
You die...

#.#.####.. #. .....
##.##..##
#.......######.
#..............
#......W### .
........SS# ...
...###..###.######.....
.# ##.##.@..#.......
#.#.............
#.............#.###
................#...#
###.............#.#.#
###...............#
#....##.....#>...
#.#.#####.[.....# ##
#.#... ##...#...# #.


You could see a phantom and 2 adders.

Vanquished Creatures
  2 adders (D:2)
  A worm (D:1)
  A dart slug (D:2)
  4 orcs
  4 ball pythons
  3 bats
  3 endoplasms
  2 giant cockroaches
  5 goblins
  3 hobgoblins
  2 jackals (D:1)
  5 kobolds
  A quokka (D:2)
  A frilled lizard (D:1)
  5 rats
42 creatures vanquished.

Notes
Turn   | Place    | Note
-------+----------+-------------------------------------------
     0 | D:1      | pkoi the Draconian Monk began the quest for the Orb.
     0 | D:1      | Reached XP level 1. HP: 19/19 MP: 1/1
   311 | D:1      | Reached XP level 2. HP: 18/26 MP: 2/2
   549 | D:1      | You fall into a shaft and drop 1 floor!
   835 | D:1      | Reached skill level 4 in Unarmed Combat
   920 | D:2      | Reached XP level 3. HP: 27/31 MP: 3/3
  1281 | D:2      | Learned a level 2 spell: Blink
  1757 | D:2      | Found a faded altar of an unknown god.
  1872 | D:2      | Reached XP level 4. HP: 19/38 MP: 4/4
  2045 | D:3      | Reached skill level 5 in Unarmed Combat
  2261 | D:3      | Noticed a phantom
  2281 | D:3      | HP: 1/38 [poisoned by an adder]
  2283 | D:3      | Succumbed to an adder's poison

Illustrated notes

Levels and vault maps discovered:
D:1:      grunt_arrival_crossed_arrows, layout_basic
D:2:      layout_loops_ring, chequers_ecumenical_altar_simple, minmay_vboxes
D:3:      layout_rooms

Skill      XL: |  1  2  3  4 |
---------------+-------------+-----
Unarmed Combat | 4 5 |  5.0
Fighting       | |  3.2
Dodging        | |  2.6
Stealth        | |  1.7

Action                   |  1- 3 |  4- 6 || total
-------------------------+-------+-------++-------
Melee: Unarmed           |   117 |    32 ||   149
       Tailslap          |    16 |       ||    16
       Punch             |     2 |       ||     2
 Stab: Sleeping          |     7 |       ||     7
Armor: Skin              |    29 |     8 ||    37
Dodge: Dodged            |    67 |    21 ||    88
